 Dungeon Crawl Stone Soup version 0.32-a0-18-g89e19f1974 (webtiles) character file.

Game seed: 6902565642212279615

52 Dirtsage the Changeling (level 3, -2/24 HPs)
             Began as an Octopode Shapeshifter on Jan 16, 2024.
             Slain by a ribbon worm (8 damage)
             ... on level 2 of the Dungeon.
             The game lasted 00:01:56 (1305 turns).

Dirtsage the Changeling (Octopode Shapeshifter)     Turns: 1305, Time: 00:01:57

Health: -2/24      AC:  1    Str: 13    XL:     3   Next: 85%
Magic:  3/3        EV: 13    Int: 12    God:
Gold:   69         SH:  0    Dex: 13    Spells: 2/2 levels left

rFire   . .          .
                       - Unarmed
rCold   . . .        (no shield)
rNeg    . . .        (helmet currently unavailable)
rPois   .            (no amulet)
rElec   .            (no ring)
rCorr   .            (no ring)
SInv    .            (no ring)
Will    .....        (no ring)
Stlth   ++           (no ring)
HPRegen 0.24/turn    (no ring)
MPRegen 0.08/turn    (no ring)
                     (no ring)

%: no passive effects
@: beast-form
A: beast (slay +2), almost no armour, amphibious, 8 rings, camouflage 1,
gelatinous body 1, (nimble swimmer 1), tentacles
a: Begin Untransformation


You were on level 2 of the Dungeon.
You were a hulking beast.
You visited 1 branch of the dungeon, and saw 2 of its levels.

You collected 69 gold pieces.

Inventory:

Talismans
 b - a beast talisman
 c - a flux talisman
Scrolls
 e - a scroll of fog {unknown}
 g - a scroll of identify {unknown}
 k - a scroll of teleportation {unknown}
 l - 3 scrolls of blinking {unknown}
 m - a scroll of enchant weapon {unknown}
Potions
 a - 3 potions of lignification
 d - a potion of enlightenment {unknown}
 f - a potion of degeneration {unknown}
 h - a potion of might {unknown}
 i - a potion of curing {unknown}
 j - a potion of invisibility {unknown}


   Skills:
 + Level 1.7 Fighting
 + Level 2.5 Dodging
 + Level 3.3 Unarmed Combat
 * Level 3.6 Shapeshifting


You had 2 spell levels left.
You didn't know any spells.
Your spell library contained the following spells:

 Spells                   Type           Power      Damage    Failure   Level
 Slow                     Hex            0%         N/A       32%         1
 Confusing Touch          Hex            0%         N/A       69%         3
 Sigil of Binding         Hex            0%         N/A       69%         3
 Vampiric Draining        Necr           0%         2d6       69%         3


Dungeon Overview and Level Annotations

Branches:
Dungeon (2/15)

Altars:

Shops:
D:1 (


Innate Abilities, Weirdness & Mutations

You are a hulking beast.
Your limbs bulge with bestial killing power. (Slay +2)
You cannot wear most types of armour.
You are amphibious.
You can wear up to eight rings at the same time.
Your skin changes colour to match your surroundings (Stealth+).
Your rubbery body absorbs attacks. (AC +1, EV +1)
((You are camouflaged when in or above water. (Stealth+)))
You have tentacles for arms and can constrict up to eight enemies at once.


Message History

You kill the bat!
An endoplasm comes into view.
The endoplasm quivers.
You bludgeon the endoplasm!
You kill the endoplasm!
No target in view!
No target in view!
A dart slug comes into view.
The helpless dart slug fails to defend itself.
You tentacle-slap the dart slug but do no damage.
You grab the dart slug. You squeeze the dart slug!
You kill the dart slug!
No target in view!
Found a stone staircase leading down.
There is a stone staircase leading down here.
A ribbon worm comes into view.
The ribbon worm expels a string of sticky webbing.
The stream of webbing misses you.
A ribbon worm is nearby!
Found an escape hatch in the ceiling.
The ribbon worm bites you.
You take 3 damage, and have 21/24 hp.
You tentacle-slap the ribbon worm. Your grab misses the ribbon worm.
The ribbon worm is lightly wounded.
The ribbon worm bites you!
You take 8 damage, and have 13/24 hp.
MASSIVE DAMAGE!!
You are too injured to fight recklessly!
You are too injured to fight recklessly!
You tentacle-slap the ribbon worm. You grab the ribbon worm.
The ribbon worm is lightly wounded.
You constrict the ribbon worm, but do no damage.
The ribbon worm bites you!
* * * LOW HITPOINT WARNING * * *
You take 8 damage, and have 5/24 hp.
MASSIVE DAMAGE!!
You tentacle-slap the ribbon worm but do no damage.
The ribbon worm is lightly wounded.
You constrict the ribbon worm. You tentacle-slap the ribbon worm.
The ribbon worm is heavily wounded.
You constrict the ribbon worm. The ribbon worm bites you!
You die...

# .# # #.#.##
#......
###w....##
#.h.......
#.#..<..#.
#.##...##
.########.# #.##
........#.# .#
#########.#.## .
#............# #
###.#######.#..#
#...†.....#.#..#


You could see a ribbon worm.

Vanquished Creatures
  2 dart slugs
  8 ball pythons
  5 endoplasms
  A giant cockroach (D:1)
  3 goblins
  2 hobgoblins (D:2)
  6 jackals
  3 kobolds
  A quokka (D:2)
  5 bats
  4 frilled lizards
  2 rats (D:1)
42 creatures vanquished.

Notes
Turn   | Place    | Note
-------+----------+-------------------------------------------
     0 | D:1      | Dirtsage the Octopode Shapeshifter began the quest for the
                  | Orb.
     0 | D:1      | Reached XP level 1. HP: 13/13 MP: 1/1
   111 | D:1      | Reached XP level 2. HP: 10/18 MP: 2/2
   173 | D:1      | Found Xauxkenk's Weapon Shoppe.
   736 | D:1      | Reached XP level 3. HP: 23/23 MP: 3/3
  1305 | D:2      | Slain by a ribbon worm

Illustrated notes

Levels and vault maps discovered:
D:1:      minmay_arrival_loop, layout_loops_ring, serial_shops,
          nicolae_shop_bloodbath_and_beyond, minivault_19,
          ebering_dispersal_statue_hall
D:2:      layout_loops_ring, serial_glass, glass_columns_a, glass_columns_a

Action                     || total
---------------------------++-------
  Melee: Unarmed           ||    72
         Constrict         ||    17
         Tentacles         ||    14
         Punch             ||     1
   Stab: Sleeping          ||     7
 Armour: Skin              ||    24
  Dodge: Dodged            ||    31

Table legend: (Time is in decaauts)
 A = Elapsed time spent in this place.
 B = Non-inter-level travel time spent in this place.
 C = Inter-level travel time spent in this place.
 D = Time resting spent in this place.
 E = Time spent auto-exploring this place.
 F = Levels seen in this place.
 G = Mean time per level.
                   A        B        C        D        E       F      G
               +--------+--------+--------+--------+--------+-----+--------+
         Total |   1301 |   1265 |     36 |      0 |   1049 |   2 |  650.5 |
       Dungeon |   1301 |   1265 |     36 |      0 |   1049 |   2 |  650.5 |
               +--------+--------+--------+--------+--------+-----+--------+

Top non-repeatable levels by time:
     D:1: 772 daAuts
     D:2: 529 daAuts
